Workbook
Name \z: #REF!
Name \z: #REF!
Name \z: #REF!
Name \z: #REF!
Name \z: #REF!
Name ____MON1: #REF!
Name ____MON1: #REF!
Name ____MON1: #REF!
Name ____MON2: #REF!
Name ____MON2: #REF!
Name ____MON2: #REF!
Name ____sub1: #REF!
Name ____sub1: #REF!
Name ____sub1: #REF!
Name ____sub2: #REF!
Name ____sub2: #REF!
Name ____sub2: #REF!
Name ____sub3: #REF!
Name ____sub3: #REF!
Name ____sub3: #REF!
Name ____sub4: #REF!
Name ____sub4: #REF!
Name ____sub4: #REF!
Name ____sub5: #REF!
Name ____sub5: #REF!
Name ____sub5: #REF!
Name ____sub6: #REF!
Name ____sub6: #REF!
Name ____sub6: #REF!
Name ____sub7: #REF!
Name ____sub7: #REF!
Name ____sub7: #REF!
Name __1Sin_nombre: #REF!
Name __1Sin_nombre: #REF!
Name __1Sin_nombre: #REF!
Name __MON1: #REF!
Name __MON1: #REF!
Name __MON1: #REF!
Name __MON1: #REF!
Name __MON2: #REF!
Name __MON2: #REF!
Name __MON2: #REF!
Name __sub1: #REF!
Name __sub1: #REF!
Name __sub1: #REF!
Name __sub1: #REF!
Name __sub2: #REF!
Name __sub2: #REF!
Name __sub2: #REF!
Name __sub3: #REF!
Name __sub3: #REF!
Name __sub3: #REF!
Name __sub4: #REF!
Name __sub4: #REF!
Name __sub4: #REF!
Name __sub5: #REF!
Name __sub5: #REF!
Name __sub5: #REF!
Name __sub6: #REF!
Name __sub6: #REF!

Sheet Formulario 1
C5: Secretaria Suministros y Servicios
C6: Modalidad: licitación Pública
C7: Adecuación y mantenimiento de obras civiles, eléctricas, de voz y datos y redes hidrosanitarias de los centros del valle del software.
C8: Formulario No. 1
C9: CAPACIDAD RESIDUAL
C11: Para acreditar la Capacidad Residual, además de los documentos solicitados en el Numeral relacionado con el CÁLCULO DE LA CAPACIDAD RESIDUAL DEL PROPONENTE (CRP) del pliego de condiciones, el oferente deberá aportar debidamente diligenciados los siguientes formularios que se encuentran incluidos en el presente archivo de Excel.
C13: 1. | D13: Para Acreditar la Experiencia (E) requerida para la verificación de LA CAPACIDAD RESIDUAL DEL PROPONENTE (CRP), de acuerdo con la característica de cada oferente y/o cada uno de los integrantes del Oferente Plural, deberá aportar uno de los siguientes formatos:
E14: • Formulario No. 1.1 A - CERTIFICACIÓN DE CONTRATOS PARA ACREDITACIÓN DE EXPERIENCIA (Para proponente o integrante nacional o extranjero CON SUCURSAL en Colombia),
E15: • Formulario No. 1.1B - CERTIFICACIÓN DE CONTRATOS PARA ACREDITACIÓN DE EXPERIENCIA (Para proponente EXTRANJERO o integrante EXTRANJERO Sin Domicilio o Sucursal en Colombia)
C16: 2. | D16: Para Acreditar la Capacidad Técnica (CT) debe aportar el Formulario No. 1.2 - CAPACIDAD TÉCNICA
C17: 3. | D17: Para Acreditar el Saldo contratos en ejecución (SCE) debe aportar Formulario No. 1.3 - CONTRATOS EN EJECUCIÓN
C19: Para el caso de proponentes plurales los anteriores formatos se deben entregar por cada uno de los integrantes. Antes de diligenciar los Formatos leer atentamente las notas y comentarios que se presentan en cada uno de estos.

Sheet Formulario 1.1 A
C5: =+'Formulario 1'!C5 -> Secretaria Suministros y Servicios
C6: =+'Formulario 1'!C6 -> Modalidad: licitación Pública
C7: =+'Formulario 1'!C7 -> Adecuación y mantenimiento de obras civiles, eléctricas, de voz y datos y redes hidrosanitarias de los centros del valle del software.
C8: Formulario No. 1.1 A
C9: CERTIFICACIÓN DE CONTRATOS PARA ACREDITACIÓN DE EXPERIENCIA
C10: (Para proponente o integrante nacional, o extranjero CON SUCURSAL en Colombia)
C12: Nombre Proponente o Integrante:
C14: Contrato No. | D14: Valor del Contrato Relacionado con la Actividad de la Construcción – Seg. 72 Clasif. UNSPSC del RUP (EN SMMLV) | E14: Participación Porcentual (%) del Proponente o Integrante del Oferente Plural en el contrato | F14: Valor del SMMLV Vigente 2023 ($ 1.160.000) | G14: Valor del Contrato (Valor Ponderado por la Participación)
D15: (A) | E15: (B) | F15: (C) | G15: (A*B*C)
C16: 1 | F16: 1160000 | G16: =+D16*E16*F16 -> 0
C17: 2 | F17: 1160000 | G17: =+D17*E17*F17 -> 0
C18: 3 | F18: 1160000 | G18: =+D18*E18*F18 -> 0
C19: 4 | F19: 1160000 | G19: =+D19*E19*F19 -> 0
C20: 5 | F20: 1160000 | G20: =+D20*E20*F20 -> 0
C21: 6 | F21: 1160000 | G21: =+D21*E21*F21 -> 0
C22: 7 | F22: 1160000 | G22: =+D22*E22*F22 -> 0
C23: 8 | F23: 1160000 | G23: =+D23*E23*F23 -> 0
C24: 9 | F24: 1160000 | G24: =+D24*E24*F24 -> 0
C25: 10 | F25: 1160000 | G25: =+D25*E25*F25 -> 0
C26: … | F26: 1160000 | G26: =+D26*E26*F26 -> 0
C27: n | F27: 1160000 | G27: =+D27*E27*F27 -> 0
C28: TOTAL | G28: =SUM(G16:G27) -> 0
C29: (Diligenciar únicamente las columnas sombreadas)
C31: Nota 1. Los Representantes Legales de los integrantes del Oferente Plural deben suscribir cada uno el presente documento.
C33: En constancia de lo anterior firmo este documento a los días [día] del mes de [mes] de 2023.
C37: Firma Representante Legal del Oferente: | F37: Firma Contador Pub. y/o Revisor Fiscal:
C38: Nombre: | F38: Nombre:
C39: Cargo: | F39: Cargo:
C40: Documento de Identidad: | F40: Documento de Identidad:

Sheet Formulario 1.1B
C5: =+'Formulario 1'!$C$5 -> Secretaria Suministros y Servicios
C6: =+'Formulario 1'!$C$6 -> Modalidad: licitación Pública
C7: =+'Formulario 1'!$C$7 -> Adecuación y mantenimiento de obras civiles, eléctricas, de voz y datos y redes hidrosanitarias de los centros del valle del software.
C8: Formulario No. 1.1B
C9: CERTIFICACIÓN DE CONTRATOS PARA ACREDITACIÓN DE EXPERIENCIA
C10: (Para proponente EXTRANJERO o integrante EXTRANJERO, Sin Domicilio o Sucursal en Colombia)
C12: Nombre Proponente o Integrante:
C14: Contrato No. | D14: Valor del Contrato Relacionado con la Actividad de la Construcción en Moneda legal del País de ejecución (Ver Nota 1) | E14: Valor TRM para la Conversión (Ver Nota 2) | F14: Valor del Contrato Relacionado con la Actividad de la Construcción Convertido a Moneda Legal Colombiana | G14: Participación Porcentual (%) del Proponente o Integrante del Contratista Plural en el contrato | H14: Valor en Pesos del Contrato (Valor Ponderado por la Participación)
D15: (A) | E15: (B) | F15: (A * B) = (C) | G15: (D) | H15: (C * D)
C16: 1 | F16: =D16*E16 -> 0 | H16: =+F16*G16 -> 0
C17: 2 | F17: =D17*E17 -> 0 | H17: =+F17*G17 -> 0
C18: 3 | F18: =D18*E18 -> 0 | H18: =+F18*G18 -> 0
C19: 4 | F19: =D19*E19 -> 0 | H19: =+F19*G19 -> 0
C20: 5 | F20: =D20*E20 -> 0 | H20: =+F20*G20 -> 0
C21: 6 | F21: =D21*E21 -> 0 | H21: =+F21*G21 -> 0
C22: 7 | F22: =D22*E22 -> 0 | H22: =+F22*G22 -> 0
C23: 8 | F23: =D23*E23 -> 0 | H23: =+F23*G23 -> 0
C24: 9 | F24: =D24*E24 -> 0 | H24: =+F24*G24 -> 0
C25: 10 | F25: =D25*E25 -> 0 | H25: =+F25*G25 -> 0
C26: … | F26: =D26*E26 -> 0 | H26: =+F26*G26 -> 0
C27: n | F27: =D27*E27 -> 0 | H27: =+F27*G27 -> 0
C28: TOTAL | H28: =SUM(H16:H27) -> 0
C29: (Diligenciar únicamente las columnas sombreadas)
C31: Nota 1. Se deben aportar copia de los contratos ejecutados o certificaciones de terceros que hubieran recibido los servicios de construcción de obras civiles con terceros, bien sean públicos o privados
C32: Nota 2. Tasa Conversión determinada conforme de establecido en el Numeral 1.13. del Pliego
C33: Nota 3. Los Representantes Legales de los integrantes del Oferente Plural deben suscribir cada uno el presente documento.
C35: En constancia de lo anterior firmo este documento a los días [día] del mes de [mes] de 2023.
C39: Firma Representante Legal del Oferente: | G39: Firma Contador Pub. y/o Revisor Fiscal:
C40: Nombre: | G40: Nombre:
C41: Cargo: | G41: Cargo:
C42: Documento de Identidad: | G42: Documento de Identidad:

Sheet Formulario  1.2
C5: =+'Formulario 1'!$C$5 -> Secretaria Suministros y Servicios
C6: =+'Formulario 1'!$C$6 -> Modalidad: licitación Pública
C7: =+'Formulario 1'!$C$7 -> Adecuación y mantenimiento de obras civiles, eléctricas, de voz y datos y redes hidrosanitarias de los centros del valle del software.
C8: Formulario No. 1.2
C9: CAPACIDAD TÉCNICA - Cr
C11: No. | D11: Nombre del socio y/o profesional de la arquitectura, ingeniería o geología, vinculados mediante relación laboral o contractual conforme a la cual desarrollen actividades relacionadas directamente a la construcción | E11: Marcar con una X | G11: Profesión | H11: No. Matricula profesional | I11: Numero y año del contrato laboral o de prestación de servicios profesionales | J11: Vigencia del Contrato
E12: Socio | F12: Empleado
C21: Para el caso de proponentes plurales se debe entregar formulario por cada uno de los integrantes.
C25: ____________________________________
C26: Nombre del Proponente Individual o Integrante del Consorcio:
C30: ____________________________________ | H30: ____________________________________
C31: Firma representante legal del Oferente | H31: Firma del auditor o revisor fiscal
C32: Nombre: | H32: Nombre:
C33: Cargo: | H33: Cargo:
C34: Documento de Identidad: | H34: Documento de Identidad:

Sheet Formulario 1.3 
C5: =+'Formulario 1'!$C$5 -> Secretaria Suministros y Servicios
C6: =+'Formulario 1'!$C$6 -> Modalidad: licitación Pública
C7: =+'Formulario 1'!$C$7 -> Adecuación y mantenimiento de obras civiles, eléctricas, de voz y datos y redes hidrosanitarias de los centros del valle del software.
C8: Formulario No. 1.3
C9: CONTRATOS EN EJECUCIÓN
C11: CONTRATO NO. (1) | D11: OBJETO DEL CONTRATO | E11: CONTRATANTE | F11: FORMA DE EJECUCIÓN (2) | G11: % DE PARTICIPACION | H11: VALOR COP (3) | I11: PLAZO (MESES) (4) | J11: FECHA INICIO CONTRATO (dd/mm/aaaa) | K11: SUSPENSIONES (5)
K12: FECHA INICIO SUSPENSIÓN (dd/mm/aaaa) | L12: FECHA TERMINACIÓN SUSPENSIÓN (dd/mm/aaaa)
C23: (1) Contratos de obras civiles en ejecución, incluyendo los suspendidos y aquellos que no tengan acta de inicio. | I23: SI EL PROPONENTE A LA FECHA DE CIERRE DEL PROCESO NO TIENE CONTRATOS EN EJECUCIÓN, DEBE DEJAR CONSTANCIA EXPRESA DE ESA CIRCUNSTANCIA EN ESTE FORMULARIO
C24: (2) Indicar si el contrato se ejecuta en forma Individual (I), en Consorcio (C) o Unión Temporal (UT).
C25: (3) Valor total del contrato expresado en moneda legal colombiana.
C26: (4) Plazo total de contrato incluyendo las ampliaciones.
C27: (5) Si el contrato presenta mas de una suspensión deberán informarlas todas, Si a la fecha de cierre del presente proceso el contrato se encuentra suspendido no diligenciar la "Fecha de Terminación".
C30: El formato debe ser diligenciado en su totalidad. En todo caso la evaluación se efectuara conforme lo dispuesto en el pliego.
C31: Para el caso de proponentes plurales se debe entregar el formato por cada uno de los integrantes
C33: ____________________________________
C34: Nombre del Proponente Individual o Integrante del Consorcio:
C37: ____________________________________ | G37: ____________________________________
C38: Firma representante legal del Oferente | G38: Firma del auditor o revisor fiscal
C39: Nombre: | G39: Nombre:
C40: Cargo: | G40: Cargo:
C41: Documento de Identidad: | G41: Documento de Identidad:

Sheet Formulario 2
C5: =+'Formulario 1'!C5 -> Secretaria Suministros y Servicios
C6: =+'Formulario 1'!C6 -> Modalidad: licitación Pública
C7: =+'Formulario 1'!C7 -> Adecuación y mantenimiento de obras civiles, eléctricas, de voz y datos y redes hidrosanitarias de los centros del valle del software.
C8: Formulario No. 2
C9: EXPERIENCIA GENERAL Y ESPECIFICA DEL PROPONENTE
C11: No. Del contrato en el RUP (No. Consecutivo o No. de Orden) (1) | D11: CONTRATO No. (2) | E11: OBJETO DEL CONTRATO | F11: CONTRATANTE | G11: FECHA DE INICIACIÓN (mes - año) | H11: FECHA DE TERMINACIÓN (3) (mes - año) | I11: FORMA DE EJECUCIÓN (4) | J11: VALOR DEL CONTRATO (5) | L11: CLASIFICACIÓN (6) | M11: EXPERIENCIA ESPECIFICA (SI/NO) (7)
J12: EN PESOS (COP) | K12: EN SMMLV
C21: (1) Posición o ubicación del contrato, según el orden en que son relacionados los contratos reportados en el aparte EXPERIENCIA del RUP. | I21: SALARIO MÍNIMO MENSUAL LEGAL (SMMLV)
I22: Año | J22: Valor | K22: Año | L22: Valor
C23: (2) Contratos terminados y registrados en el RUP. | I23: 1997 | J23: 172005 | K23: 2010 | L23: 515000
C24: (3) Fecha de terminación. | I24: 1998 | J24: 203826 | K24: 2011 | L24: 535600
C25: (4) Indicar si el contrato se ejecutó en forma Individual (I), en Consorcio (C) o Unión Temporal (UT). | I25: 1999 | J25: 236438 | K25: 2012 | L25: 566700
C26: (5) Valor total del contrato, en Pesos (COP) y SMMLV a la fecha de TERMINACIÓN del contrato. | I26: 2000 | J26: 260106 | K26: 2013 | L26: 589500
C27: (6) Indicar las clasificaciones del contrato en el RUP según los códigos del Clasificador de Bienes y Servicios de las Naciones Unidas para estandarizar productos y servicios (UNSPSC), DEBE corresponder con las exigidas en el PLIEGO. | I27: 2001 | J27: 286000 | K27: 2014 | L27: 616000
I28: 2002 | J28: 309000 | K28: 2015 | L28: 644350
C29: (7) experiencia especifica: Señalar cual de los contratos son tenidos en cuenta para la experiencia especifica | I29: 2003 | J29: 332000 | K29: 2016 | L29: 689454
I30: 2004 | J30: 358000 | K30: 2017 | L30: 737717
I31: 2005 | J31: 381500 | K31: 2018 | L31: 781242
C32: El formulario debe ser diligenciado en su totalidad. En todo caso la evaluación se efectuara conforme lo dispuesto en el pliego. | I32: 2006 | J32: 408000 | K32: 2019 | L32: 828116
I33: 2007 | J33: 433700 | K33: 2020 | L33: 877803
C34: Los contratos relacionados deben estar debidamente certificados | I34: 2008 | J34: 461500 | K34: 2021 | L34: 908526
I35: 2009 | J35: 496900 | K35: 2022 | L35: 1000000
K36: 2023 | L36: 1160000
C37: Firma representante legal del Oferente
C38: Nombre:
C39: Cargo:
C40: Documento de Identidad:

Sheet Formulario 3
C5: =+'Formulario 1'!$C$5 -> Secretaria Suministros y Servicios
C6: =+'Formulario 1'!$C$6 -> Modalidad: licitación Pública
C7: =+'Formulario 1'!$C$7 -> Adecuación y mantenimiento de obras civiles, eléctricas, de voz y datos y redes hidrosanitarias de los centros del valle del software.
C8: Formulario No. 3
C9: OFERTA ECONOMICA
C12: ITEM | D12: DESCRIPCIÓN | E12: UNIDAD | F12: CANTIDAD | G12: VALOR UNITARIO | H12: VALOR TOTAL
C13: 1 | D13: PRELIMINARES
C14: 1.1 | D14: REPLANTEO
C15: 1.1.1 | D15: LOCALIZACIÓN, TRAZADO Y REPLANTEO. Se utilizará personal experto con equipo de precisión. Se hará con la frecuencia que lo indique la interventoría. Incluye demarcación con pintura, línea de trazado, corte de piso, libretas y planos. | E15: día | F15: 7 | H15: =ROUND(F15*G15,0) -> 0
C16: 1.2 | D16: INSTALACIONES PROVISIONALES
C17: 1.2.1 | D17: Instalación de CERRAMIENTO PROVISIONAL en tela verde polietileno de alta densidad y resistencia 65 gr/m2 con una altura de 2,10 m, estacones de madera común para fijación vertical de altura de 2,50 m puesto mínimo cada 2,0 m y para apuntalamiento mínimo cada 10 m y cada cambio de dirección, arranques y terminación, diámetro aproximado 0,10 m, elementos de fijación, Incluye: suministro, transporte, instalación, excavación, concreto de fundación preparado en Obra de 17.5 Mpa - 2500 psi, diámetro aproximado 0,30 m y profundidad aproximada 0,50 m, cable o alambre tensor parte inferior y superior horizontal, mantenimiento, desmonte y todos los demás elementos necesarios para su correcta instalación y operación. cargue transporte y botada de material sobrante en botaderos oficiales. | E17: m | F17: =(2.46+2.43+2.3+2.45+2+5.33+1.4+4.72+1.4+2.86+4.43+1.4+3.6+1.4+2.05)*2 -> 80.46 | H17: =ROUND(F17*G17,0) -> 0
C18: 2.0.0 | D18: RETIROS Y DEMOLICIONES
C19: 2.1.0 | D19: RETIROS
C20: 2.1.1 | D20: DESMONTE y REINSTALACIÓN de SANITARIO. Incluye transporte interno, brida de fijación, silicona antihongos y todo lo necesario para su correcta instalación. | E20: un | F20: 2 | H20: =ROUND(F20*G20,0) -> 0
C21: 2.1.2 | D21: DESMONTE y REINSTALACIÓN DE LAVAMANOS de colgar o sobreponer. Incluye transporte interno, silicona antihongos, acoples, tapones y todo lo necesario para su correcta instalación y funcionamiento. | E21: un | F21: 2 | H21: =ROUND(F21*G21,0) -> 0
C22: 2.1.3 | D22: RETIRO DE PUERTAS (marco y ala) metálicas, en aluminio, en madera o puerta reja. Incluye el retiro, cargue, transporte, botada de escombros en botaderos oficiales y recuperación de los materiales aprovechables y su transporte hasta la bodega o el sitio que lo indique la interventoría. Ancho variable desde 0,60 a 1,20 m. | E22: un | F22: 3 | H22: =ROUND(F22*G22,0) -> 0
C23: 2.1.4 | D23: RETIRO DE LUMINARIAS FLUORESCENTES. Incluye cargue, transporte, botada en botaderos oficiales y recuperación de los materiales aprovechables y su transporte hasta el sitio que lo indique la interventoría. | E23: un | F23: 44 | H23: =ROUND(F23*G23,0) -> 0
C24: 2.1.5 | D24: RETIRO DE LAVAPLATOS, incluye el cargue, transporte, botada o recuperación de aparatos sanitarios, lavamanos, lavaderos, orinales. Incluye botada en botaderos oficiales y la recuperación de los materiales aprovechables y/o su transporte hasta la bodega o el sitio que indique la interventoría. | E24: un | F24: 1 | H24: =ROUND(F24*G24,0) -> 0
C25: 2.2.0 | D25: DEMOLICIONES | H25: =ROUND(F25*G25,0) -> 0
C26: 2.2.1 | D26: DEMOLICIÓN ESTRUCTURAS DE CONCRETO cargue, transporte y botada de escombros, manual o mecánicamente, de cualquier resistencia, reforzado o ciclópeo, y en cualquier clase de estructura. Incluye retiro de refuerzo y cualquier tipo de acabado (revoques y enchapes) o piso (en losas) e instalaciones embebidas, compresor neumático con martillo, además recuperación de los materiales aprovechables o su transporte hasta el sitio que lo indique la interventoría. | E26: m3 | F26: 25 | H26: =ROUND(F26*G26,0) -> 0
C27: 2.2.2 | D27: DEMOLICIÓN DE ENCHAPE, espesores entre 0.03 y 0.05 m. Incluye cargue, transporte y botada de escombros en botaderos oficiales, demolición de revoques y enchapes aplicados en el muro a demoler e instalaciones embebidas, además recuperación de los materiales aprovechables o su transporte hasta el sitio que lo indique la interventoría. | E27: m2 | F27: 60 | H27: =ROUND(F27*G27,0) -> 0
C28: 3.0.0 | D28: ACERO/MALLAS/ESTRUCTURA METÁLICA
C29: 3.1.0 | D29: ESTRUCTURA
C30: 3.1.1 | D30: Construcción y montaje de ESTRUCTURA METÁLICA, en PERFILERIA TIPO IPE, HEA, PHR-C, PTE para elementos de cubierta, rampas o áreas de circulación metálicas, según diseño. Incluye: suministro y transporte de láminas, platinas, uniones, soldaduras de acabado o presentación, anclajes y pernos a estructura de concreto y madera. Todos los elementos deben llevar dos manos de pintura anticorrosiva, (2) dos manos de esmalte base aceite mate, color por definir, ensayos a soldaduras, anticorrosivos y pinturas, obra falsa y todo el equipo y la herramienta necesaria para el montaje. | E30: kg | F30: 350 | H30: =ROUND(F30*G30,0) -> 0
C31: 4 | D31: REVOQUES/ENCHAPES/PINTURA
C32: 4.1 | D32: PINTURAS
C33: 4.1.1 | D33: Aplicación de PINTURA A BASE DE AGUA EN MUROS, CON VINILO TIPO 1 de primera calidad sobre muros revocados y/o estucados, tres manos o las necesarias hasta obtener una superficie pareja y homogénea. Incluye suministro y transporte de los materiales, resanes, tapa poros en estuco plástico tipo plastestuco o equivalente diluido en agua proporción 1:2, adecuación de la superficie a intervenir hasta obtener una superficie pareja y homogénea, color a definir según aprobación de la interventoría. | E33: m2 | F33: 35 | H33: =ROUND(F33*G33,0) -> 0
C34: 4.1.2 | D34: Aplicación de PINTURA A BASE DE AGUA EN CIELOS, CON VINILO TIPO 1 de primera calidad sobre cielos revocados y/o estucados, tres manos o las necesarias hasta obtener una superficie pareja y homogénea, incluye resanes, tapa poros en estuco plástico tipo plastestuco o similar diluido en agua proporción 1:2, adecuación de la superficie a intervenir hasta obtener una superficie pareja y homogénea, color a definir según aprobación de la interventoría. | E34: m2 | F34: =+F80 -> 74 | H34: =ROUND(F34*G34,0) -> 0
C35: 4.1.3 | D35: Aplicación de PINTURA EPOXIPOLIAMIDA EN MUROS (dos componentes proporción 1:3, no tóxica) tipo epoxiconstrucción de pintuco o equivalente, de primera calidad, semimate, sobre estuco plástico, 2 a 3 manos o las necesarias para lograr una superficie pareja a satisfacción de la interventoría, color blanco. | E35: m2 | F35: 35.03 | H35: =ROUND(F35*G35,0) -> 0
C36: 4.1.4 | D36: Aplicación de PINTURA PLASTICA EN FRIO EN PISOS, LLANA TIPO PINTUTRAFICO O SIMILAR, COLOR CYAN y franja de color según diseño arquitectonico o equivalente, sobre concreto pulido de 2 a 3 manos o las necesarias para lograr una superficie pareja a satisfacción de la interventoría. | E36: m2 | F36: 10 | H36: =ROUND(F36*G36,0) -> 0
C37: 4.1.5 | D37: Kit Pintura para Tableros Marcador Borrable, RUST OLEUM o equivalente en pared coworking, laboratorios y aula multipropòsito, sobre estuco plástico, 2 manos o las necesarias para lograr una superficie pareja a satisfacción de la interventoría, | E37: m2 | F37: 65 | H37: =ROUND(F37*G37,0) -> 0
C38: 4.2 | D38: ENCHAPES
C39: 4.2.1 | D39: Colocación de enchape de pared DECORCERAMICA MOS STUDIO LINE GRIS CLARO 30X30cm o equivalente, para baño altura 1,30m. Incluye suministro y transporte de los materiales, mortero adhesivo para enchapes tipo pegacor o equivalente, lechada preparada (boquilla) tipo concolor de sumicol o equivalente del mismo color del enchape, moldura PVC remates toro acolillada y todos los elementos necesarios para su correcta instalación y funcionamiento. | E39: m2 | F39: 35 | H39: =ROUND(F39*G39,0) -> 0
C40: 4.3 | D40: INFOGRAFÍA
C41: 4.3.1 | D41: Suministro, transporte y colocación de muros en Drywall 1 CARA un espesor de 7 cm (ancho del perfil mas espesor de placa). Incluye estructura metálica a 61 cm de distancia para armado y soporte, perfiles esquineros, refuerzo de vanos para puertas y ventanas, placa de drywall de 1/2", cinta en fibra de vidrio de 50 mm., tornillería de 6x1 y 7x7/16, masilla, Primera mano de pintura en vinilo tipo 1 y todos los demás elementos necesarios para su correcta instalación y funcionamiento. | E41: m2 | F41: 25 | H41: =ROUND(F41*G41,0) -> 0
C42: 4.3.2 | D42: Aplicaciones artísticasy/o infografías en muros, cielos etc, según diseños previamente aprobados | E42: m2 | F42: 21 | H42: =ROUND(F42*G42,0) -> 0
C43: 4.3.3 | D43: Suministro, transporte y colocación de muros en FIBROCEMENTO 1 CARA un espesor de 7 cm (ancho del perfil mas espesor de placa). Incluye estructura metálica a 61 cm de distancia para armado y soporte, perfiles esquineros, refuerzo de vanos para puertas y ventanas, placa de drywall de 1/2", cinta malla de 50 mm., tornillería de 6x1 y 7x7/16, masilla, Primera mano de pintura en vinilo tipo 1 y todos los demás elementos necesarios para su correcta instalación y funcionamiento. | E43: m2 | F43: 89 | H43: =ROUND(F43*G43,0) -> 0
C44: 4 | D44: PISOS
C45: 4.1 | D45: PISOS EN CERÁMICA | H45: =ROUND(F45*G45,0) -> 0
C46: 4.1.1 | D46: Colocación de Porcelanato Para Piso MARS-SB 60*60 GRIS. Incluye suministro y transporte de los materiales, adhesivo Pegantto Pluss o equivalente, boquilla Juntta Puss gris o equivalente, juntas de dilatación elastoméricas tipo sikaflex o equivalente color gris de 10 mm. cada 15 m² y todos los demás elementos necesarios para su correcta construcción y funcionamiento. Muestras previas y color para la aprobación del arquitecto y la interventoría. Los ensayos que se requieran serán por cuenta del contratista y las muestras se escogerán del material puesto en obra. | E46: m2 | F46: 15.67 | H46: =ROUND(F46*G46,0) -> 0
C47: 4.2 | D47: PISOS EN GRANO
C48: 4.2.1 | D48: Construcción de PISO EN BALDOSA GRIS DE GRANO BLANCO No.1-2 DE 30 x 30 cm., de primera calidad aprobada por la interventoría que cumpla la norma NTC 2849. Incluye concreto de pega y nivelación 1:3:2 de cemento, arena de concreto, agregado de 3/8" a 1/2" y aditivo plastificante en un espesor de 5 cm, suministro y transporte de la baldosa, varilla de dilatación en PVC de 5 mm x 37mm en cuadrículas de 2,10 x 2,10 m., lechada del mismo color de la baldosa, destroncada, pulida, brillada y encerada en el sitio con cera polimérica, protección de muros, puertas y desagües. Cargue, transporte y botada de material sobrante (cachaza) en botaderos oficiales. La interventoría entregará el diseño en tapetes o franjas combinando los colores (máximo dos colores). Los ensayos que se requieran serán por cuenta del contratista y las muestras se escogerán del material puesto en obra. | E48: m2 | F48: 25.23 | H48: =ROUND(F48*G48,0) -> 0
C49: 4.3 | D49: PISOS VARIOS
C50: 4.3.1 | D50: TRATAMIENTO DE SUPERFICIE PARA PULIDA Y BRILLADA DE PISO EN GRANO EXISTENTE. Incluye todo lo necesario para su correcta construcción y funcionamiento. | E50: m2 | F50: 345 | H50: =ROUND(F50*G50,0) -> 0
C51: 5.0.0 | D51: APARATOS/GRIFERIA/MUEBLES/MESONES
C52: 5.1 | D52: APARATOS SANITARIOS
C53: 5.1.1 | D53: Instalación de SANITARIO INTEGRAL (línea Acuacer o equivalente) color BLANCO, bajo consumo 6lt, diseño de dos piezas, taza redonda, incluye el suministro y transporte del sanitario, sifón esmaltado, grifería antisifón, anillo abierto, abasto metálico, válvula de regulación metálica con manguera flexible, brida de fijación, tapón roscado y todos los demás elementos necesarios para su correcta instalación y funcionamiento. | E53: un | F53: 1 | H53: =ROUND(F53*G53,0) -> 0
C54: 5.1.3 | D54: Suministro, transporte y colocación de orinal mediano Santa Fé ref 10402, línea institucional de corona o equivalente, color blanco con grifería automatica de push antivandalica ref 71300. Incluye grifería, abasto metálico y todos los elementos necesarios para su correcta instalación y funcionamiento. | E54: un | F54: 1 | H54: =ROUND(F54*G54,0) -> 0
C55: 5.2 | D55: MESONES
C56: 5.2.1 | D56: Suministro, transporte y colocación de mesón en acero inoxidable AISI 304 calibre 18 tipo Socoda o equivalente, de 1.60 x 0.60 m. Incluye pozuelo de 500 x 500 x 250 mm, salpicadero, bordes redondeados, sifón, canastilla, grifería cuello de ganso, abastos con llave metálica, parales (pieamigos en platina de 2" x 3/16" asegurados a la pared mediante 2 pernos de expansión de 3/8" x 4" c/u) de soporte donde sea necesario y todos los demás elementos necesarios para su correcta instalación y funcionamiento. | E56: un | F56: 1 | H56: =ROUND(F56*G56,0) -> 0
C57: 5.3 | D57: LAVAMANOS
C58: 5.3.1 | D58: Suministro, transporte y colocación de lavamanos para discapacitados (línea Acuajet de Corona o su equivalente) color blanco, de colgar. Incluye grifería metálica con acabado cromado, tipo Marruecos o su equivalente, abasto metálico acabado cromado, sifón botella y todos los demás elementos necesarios para su correcta instalación y funcionamiento. | E58: un | F58: 1 | H58: =ROUND(F58*G58,0) -> 0
C59: 5.3.2 | D59: Suministro, transporte y colocación de lavamanos de colgar tipo Acuacer o equivalente. Incluye Grifería Artesa sencilla de Grival o similar, abasto metálico, sifón botella y todos los demás elementos necesarios para su correcta instalación y funcionamiento. | E59: un | F59: 1 | H59: =ROUND(F59*G59,0) -> 0
C60: 5.3.3 | D60: Suministro, transporte y colocación de lavapinceles o lavamanos corrido en acero inoxidable tipo Socoda o equivalente calidad, de 1,50 x 0,50 m. Incluye grifería de pared tipo marruecos de Grival o su equivalente, sifón, rejilla, abastos metálicos y todos los elementos necesarios para su correcta instalación y funcionamiento. | E60: un | F60: 1 | H60: =ROUND(F60*G60,0) -> 0
C61: 5.3.4 | D61: Suministro, transporte y colocación de lavaescobas prefabricado en concreto forrado en granito de 42x42x25 cm. fondo gris. Incluye mortero 1:4, sifón, machones en masmposteria, revoque y enchape de machones y todo los demás elementos necesarios para su correcta instalación y funcionamiento. | E61: un | F61: 1 | H61: =ROUND(F61*G61,0) -> 0
C62: 5.4.0 | D62: INCRUSTACIONES/ACCESORIOS
C63: 5.4.1 | D63: Suministro, transporte y colocación de dispensador de papel higiénico ref 210799 SOCODA o equivalente en acero inoxidable 304 con llave. Incluye todos los elementos necesarios para su correcta instalación. | E63: un | F63: 3 | H63: =ROUND(F63*G63,0) -> 0
C64: 5.4.2 | D64: Suministro, transporte y colocación de dispensador de Jabón líquido ref 217601 SOCODA o equivalente en acero inoxidable Incluye todos los elementos necesarios para su correcta instalación. | E64: un | F64: 3 | H64: =ROUND(F64*G64,0) -> 0
C65: 5.4.3 | D65: Suministro, transporte y colocación de dispensador de Toallas en rollo tipo SOCODA o equivalente en acero inoxidable Incluye todos los elementos necesarios para su correcta instalación. | E65: un | F65: 3 | H65: =ROUND(F65*G65,0) -> 0
C66: 5.4.4 | D66: Suministro, transporte y colocación de Basurera Cantillever de Pared ref. 770702123023 SOCODA o equivalente en acero inoxidable Incluye todos los elementos necesarios para su correcta instalación. | E66: un | F66: 3 | H66: =ROUND(F66*G66,0) -> 0
C67: 5.4.5 | D67: Suministro, transporte y colocación de barra de seguridad para discapacitados, con una longitud de 60 cm. y un diámetro de 1¼" en acero inoxidable. Incluye pernos para anclaje, escudos en acero inoxidable y todos los elementos necesarios para su correcta instalación y funcionamiento, según diseño. | E67: un | F67: 1 | H67: =ROUND(F67*G67,0) -> 0
C68: 5.5.0 | D68: ESPEJOS
C69: 5.5.1 | D69: Suministro, transporte y colocación de espejo en cristal de 4mm. de 1.20x0.80, bordes pulidos y brillados, perfiles de aluminio ocultos posteriores de 1 1/2 " X 1 1/2" y demas elementos que garanticen su buen funcionamiento | E69: un | F69: 2 | H69: =ROUND(F69*G69,0) -> 0
C70: 5.5.2 | D70: espejo PMR: Espejo 0,50 X 1,80m con instalación y bastidor metálico 1/2" interior con un ángulo de 10º de inclinación para facilitar su uso por personas con movilidad reducida o de talla baja. | E70: un | F70: 1 | H70: =ROUND(F70*G70,0) -> 0
C71: 5.6.0 | D71: GRIFERIAS
C72: 5.6.1 | D72: Suministro, transporte e instalación de llave para lava escobas. Incluye escudo y todos los elementos requeridos para su correcta instalación y funcionamiento._x000D_ _x000D_ | E72: un | F72: 1 | H72: =ROUND(F72*G72,0) -> 0
C73: 5.6.2 | D73: Colocación de grifería para lavaplatos monocontrol Marsella color cromo cuerpo principal en laton cromado manilo rango de giro de 90° para mezcla de la temperatura del agua, tipo Marsella de homecenter o equivalente. Incluye suministro y transporte de los materiales, regadera cromada, llave con escudo cromados, tubería agua fría, accesorios, válvula economizadora y todos los demás elementos necesarios para su correcta instalación y funcionamiento. | E73: un | F73: 1 | H73: =ROUND(F73*G73,0) -> 0
C74: 5.6.3 | D74: Suministro, transporte e instalación de GRIFERIA LAVAMANOS A PARED URBAN NEGRO MATE | Decorceramica o equivalente incluye escudos, sellos y todos los elementos necesarios para su correcta instalación y funcionamiento | E74: un | F74: 1 | H74: =ROUND(F74*G74,0) -> 0
C75: 6 | D75: CARPINTERÍA METÁLICA/MADERA/SISTEMAS LIVIANOS
C76: 6.1.0 | D76: MUROS
C77: 6.1.1 | D77: Suministro, transporte y colocación de muros en Drywall con placas en yeso 2 CARAS, con un espesor de aprox de 9 cm (ancho del perfil mas espesor de placa). Incluye estructura metálica para armado y soporte parales separados a 61 cm, perfiles esquineros, placa de drywall de 1/2", cinta en fibra de vidrio de 5 cm., tornillería de 6x1", masilla, acabado en vinilo tipo 1 (acabado tipo 4 según normas necesarias hasta obtener una superficie pareja y homogénea), y todos los demás elementos necesarios para su correcta instalación y funcionamiento. | E77: m2 | F77: 77 | H77: =ROUND(F77*G77,0) -> 0
C78: 6.2.0 | D78: CIELOS
C79: 6.2.1 | D79: Suministro, Transporte e Instalación de MEDIACAÑA para cielo. Incluye perfil en pvc plástico de 6 cm, masilla y todos los demás elementos necesarios para su correcta instalación y funcionamiento. | E79: m | F79: =6.7+8.1+1.86+4.84+2.1+4.84+10.22+1.73+1.73+3.84+3.84 -> 49.8 | H79: =ROUND(F79*G79,0) -> 0
C80: 6.2.2 | D80: Suministro, transporte y colocación de cielo raso suspendido con junta invisible placa en fibrocemento de e= 10 mm. para cielos, estructura en perfiles de acero galvanizado cal 20, con refuerzo en área vertical, tornillos autoperforantes de cabeza extra plana de 1/2" y 1", junta perdida con cinta de 2" en fibra de vidrio y masilla. Incluye esquineros y tapas y todos los demás elementos necesarios para su correcta instalación y funcionamiento. El acabado en pintura para exteriores, se pagará en su ítem respectivo. Según detalle y diseño. | E80: m2 | F80: 74 | H80: =ROUND(F80*G80,0) -> 0
C81: 6.2.3 | D81: Suministro, transporte e instalación de Cielo falso en lámina microperforada color según diseño y disponibilidad, tipo Hunter Douglas o similar según diseño, incluye estructura de soporte y todos los demás elementos para su correcta instalación y funcionamiento | E81: m2 | F81: =34+7 -> 41 | H81: =ROUND(F81*G81,0) -> 0
C82: 6.3.0 | D82: PUERTAS/ VENTANAS/ VIDRIERAS
C83: 6.3.1 | D83: P-01 AULA MULTIPROPOSITO (2.10 X 1.60) Puerta en vidrio con número de hojas según diseño con vidrio templado de 4 +4 mm trasparente + película sandblasting (SEGÚN DISEÑO) con apertura batiente en marco en lamina calibre 18 troquelada según diseño, manija de seguridad de primera calidad tipo safe sienna o similar + falleba satín niquelada de primera calidad + tope imantado anclado a la pared para mantener la puerta abierta satín niquelado. | E83: un | F83: 1 | H83: =ROUND(F83*G83,0) -> 0
C84: 6.3.2 | D84: P-02 COWORKING (3.0 X 0.80) Puerta ala y marco en madera teca maciza con doble bisagra. Con betas centrales ubicadas de forma vertical. Con acabado con barniz y demás químicos necesarios para su correcta conservación en el tiempo. Con bisagras y tornillería para madera. Manija de apertura interior y exterior con acabado en pintura anticorrosiva negra con llave para condena de apertura. | E84: un | F84: 3 | H84: =ROUND(F84*G84,0) -> 0
C85: 6.3.3 | D85: P-04 CUARTO DE ASEO, bodega y cuarto técnico Puerta ala y marco en madera teca maciza con doble bisagra. Con betas centrales ubicadas de forma vertical. Con acabado con barniz y demás quimicos necesarios para su correcta conservación en el tiempo con bisagras y tornillería para madera. Manija de apertura interior y exterior con acabado en pintura anticorrosiva negra con llave para condena de apertura. | E85: un | F85: 3 | H85: =ROUND(F85*G85,0) -> 0
C86: 6.3.4 | D86: Suministro e instalación de Panel divisorio, con marco metálico, interior en espuma de poliuretano, densidad 26, y revestimiento por ambas caras en superficie para marcador borrable. Con sistema corredizo para almacenar en un solo cuerpo | E86: m2 | F86: =6.18*2.6 -> 16.068 | H86: =ROUND(F86*G86,0) -> 0
C87: 6.4 | D87: VARIOS CARPINTERIA METÁLICA
C88: 6.4.1 | D88: Suministro, transporte e instalación de Letrero metálico de una sola cara en plancha galvanizada calibre 22 con pintura electroestática, fondo color blanco. • Letras e iconos según archivo pendiente por envío • Medida: 400*110 cm | E88: gl | F88: 1 | H88: =ROUND(F88*G88,0) -> 0
C89: 6.4.2 | D89: Suministro, transporte e instalación de revestimIento en fachada en lámina microperforada color según diseño y disponibilidad, tipo Hunter Douglas o similar según diseño, incluye estructura de soporte y todos los demás elementos para su correcta instalación y funcionamiento | E89: m2 | F89: 97 | H89: =ROUND(F89*G89,0) -> 0
C90: 6.4.3 | D90: Canaleta en lamina metalica galvanizada calibre16( 1.5mm) con una base epoxica y un acabada en pintura esmalte negro mate antocorrosiva pernada a la madera. | E90: ml | F90: 100 | H90: =ROUND(F90*G90,0) -> 0
C91: 6.4 | D91: FACHADA
C92: 6.4.1 | D92: Suministro, transporte e instalación de vidrio templado minimo de 6 mm de espesor transparente o de acuerdo a las especificaciones del proveedor. Soporte sencillo en acero inoxidable para vidrio templado. Las medidas estan sujetas a cambios al igual que las especificaciones , por favor se recomienda verificar en obra medidas y espacios antes de ejecutar la instalacion de estos elementos | E92: ml | F92: 89 | H92: =ROUND(F92*G92,0) -> 0
C93: 7.0 | D93: ASEOS Y REMATES
C94: 7.1 | D94: LAVADO/HIDROFUGO DE MUROS
C95: 7.1.1 | D95: Suministro, transporte y aplicación de ácido nítrico e hidrosolve proporción 1:1:5 para lavada de muros exteriores, con todos los elementos necesarios para su correcta instalación y funcionamiento. | E95: m2 | F95: 350 | H95: =ROUND(F95*G95,0) -> 0
C96: 7.1.2 | D96: Suministro, transporte y aplicación de hidrófugo impermeabilizante del tipo siliconite (Sika transparente o equivalente) o equivalente para mampostería de fachadas, con todos los elementos necesarios para su correcta instalación y funcionamiento. | E96: m2 | F96: 350 | H96: =ROUND(F96*G96,0) -> 0
C97: 7.1.3 | D97: Suministro, transporte y aplicación de ácido nítrico e hidrosolve proporción 1:1:5 para lavada de muros interiores, con todos los elementos necesarios para su correcta instalación y funcionamiento. | E97: m2 | F97: 350 | H97: =ROUND(F97*G97,0) -> 0
C98: 8.0 | D98: INSTALACIONES HIDROSANITARIAS
C99: 8.1 | D99: INSTALACIONES HIDRÁULICAS INTERNAS
C100: 8.1.1 | D100: Suministro, transporte e instalación de tubería PVC-P, RDE 9, 500 PSI, diámetro 1/2", incluye todos los accesorios en PVC de diámetro 1/2" incluyendo todos los accesorios reducidos que se requieran para su correcta instalación. Estos deberán estar correctamente pegados usando limpiador, soldadura y teflón apropiados, sin presentar fugas, fisuras o cualquier otra clase de anomalía. Se debe garantizar la correcta instalación y funcionamiento. Incluye además las perforaciones (canchas) de paredes o pisos que lo requieran incluyendo cargue, transporte y botada de escombros en botaderos oficiales o donde indique la interventoría. | E100: m | F100: 14 | H100: =ROUND(F100*G100,0) -> 0
C101: 8.1.2 | D101: Suministro, transporte e instalación de tubería PVC-P, RDE 11, 400 PSI, diámetro 3/4", incluye todos los accesorios en PVC de diámetro 3/4" incluyendo todos los accesorios reducidos que se requieran para su correcta instalación. Estos deberán estar correctamente pegados usando limpiador, soldadura y teflón apropiados, sin presentar fugas, fisuras o cualquier otra clase de anomalía. Se debe garantizar la correcta instalación y funcionamiento. Incluye además las perforaciones (canchas) de paredes o pisos que lo requieran incluyendo cargue, transporte y botada de escombros en botaderos oficiales o donde indique la interventoría. | E101: m | F101: 5 | H101: =ROUND(F101*G101,0) -> 0
C102: 8.2 | D102: INSTALACIONES SANITARIAS INTERNAS
C103: 8.2.1 | D103: Suministro, transporte e instalación de TUBERÍA PVC-SANITARIA, con un DIÁMETRO DE 2", para aguas residuales ENTERRADA y/o EMPOTRADA por losas. Incluye suministro y transporte de los materiales, accesorios, pegante, limpiador y todos los elementos necesarios para su correcta instalación y funcionamiento. La excavación y los llenos se pagaran en su ítem respectivo. | E103: m | F103: 8 | H103: =ROUND(F103*G103,0) -> 0
C104: 8.2.2 | D104: Suministro, transporte e instalación de TUBERÍA PVC-SANITARIA, con un DIÁMETRO DE 4", para aguas residuales o lluvia ENTERRADA y/o EMPOTRADA por losas. Incluye suministro y transporte de los materiales, accesorios, pegante, limpiador y todos los elementos necesarios para su correcta instalación y funcionamiento. La excavación y los llenos se pagaran en su ítem respectivo. | E104: m | F104: 10 | H104: =ROUND(F104*G104,0) -> 0
C105: 8.2.3 | D105: Suministro, transporte e instalación de TUBERÍA PVC-SANITARIA, COLGADA O EN BAJANTES con un DIÁMETRO DE 6", agua RESIDUAL O LLÚVIA. Incluye suministro y transporte de los materiales, bocas, accesorios, pegante, limpiador, wash primer, acabado en esmalte mate, color a definir por parte de interventoría, andamios, abrazaderas y todos los elementos necesarios para su correcta instalación y funcionamiento. | E105: m | F105: 32 | H105: =ROUND(F105*G105,0) -> 0
C106: 8.3 | D106: RED CONTRA INCENDIO
...

Sheet Formulario 5
C5: =+'Formulario 1'!C5 -> Secretaria Suministros y Servicios
C6: =+'Formulario 1'!C6 -> Modalidad: licitación Pública
C7: =+'Formulario 1'!C7 -> Adecuación y mantenimiento de obras civiles, eléctricas, de voz y datos y redes hidrosanitarias de los centros del valle del software.
C8: Formulario No. 5
C9: ANÁLISIS DE PRECIOS UNITARIOS
C11: PROYECTO:
C13: DESCRIPCION DEL ÍTEM: | G13: ITEM:
G14: UNIDAD:
C16: I. EQUIPO
C17: Descripción | E17: Tipo | F17: Tarifa/Hora | G17: Rendimiento | H17: Valor Unit.
G22: Sub-Total
C23: II. MATERIALES EN OBRA
C24: Descripción | E24: Unidad | F24: Precio Unit. | G24: Cantidad | H24: Valor Unit.
G29: Sub-Total
C30: III. TRANSPORTES
C31: Material | D31: Vol., peso o cant. | E31: Distancia | F31: m3-km | G31: Tarifa | H31: Valor Unit.
G35: Sub-Total
C36: IV. MANO DE OBRA
C37: Trabajador | E37: Jornal | F37: Prestaciones | G37: Rendimiento | H37: Valor Unit.
G42: Sub-Total
F44: Total Costo Directo
C45: V. COSTOS INDIRECTOS
C46: Descripción | G46: Porcentaje | H46: Valor Total
C47: ADMINISTRACION
C48: UTILIDAD
C49: IMPREVISTOS
G50: Sub-Total
D52: PRECIO UNITARIO TOTAL (aproximado al peso)
C56: Firma
C57: Nombre:
C58: Representante Legal del Contratista o su Apoderado
C59: Matricula No. :
C61: APROBACIÓN POR INTERVENTORÍA
C63: Nota 1: Cuando se trate de Análisis de precios unitarios correspondientes a ítems de la propuesta económica aprobada, el Interventor aprueba el desglose de los componentes manteniendo el mismo precio unitario de cada ítem, cumpliendo con las especificaciones de construcción vigentes para el proyecto.
C64: Nota 2: Cuando se trate de Análisis de precios unitarios de ítems no previstos, el Interventor aprueba el desglose y precio unitario de cada ítem no previsto, exigiendo la aplicación de los costos correspondientes a insumos y tarifas de la propuesta económica inicial cuando estén contemplados, cumpliendo con las especificaciones de construcción vigente para el proyecto.
C66: Firma representante legal del Oferente
C67: Nombre:
C68: Cargo:
C69: Documento de Identidad:

Sheet Formulario 6
B2: =+CONCATENATE("OBJETO:"," ",'[47]Paso 1'!C6) -> OBJETO: Adecuación y mantenimiento de obras civiles, eléctricas, de voz y datos y redes hidrosanitarias de los centros del valle del software. Lote 6 Santa Elena.
B3: CALCULO DEL A.I.U
B5: =+'[47]Paso 1'!B20:J20 -> Recurso Humano | C5: Cantidad | D5: Dedicación | E5: Salario o valor | F5: F.P | G5: Plazo | H5: Vr. Total
B6: =+IF('[47]Paso 1'!B22="","",'[47]Paso 1'!B22&" "&'[47]Paso 1'!C22) -> Residente. Ingeniero Civil, Arquitecto, Arquitecto Constructor. Experiencia igual o mayor 4 años. | C6: =+'[47]Paso 1'!E22 -> 1 | D6: =+'[47]Paso 1'!F22 -> 1 | F6: =+'[47]Paso 1'!H22 -> 1.45 | G6: =+'[47]Paso 1'!I22 -> 4
B7: =+IF('[47]Paso 1'!B23="","",'[47]Paso 1'!B23&" "&'[47]Paso 1'!C23) -> Tecnólogo seguridad y salud en el trabajo – SST. Tecnologo en seguridad industrial, salud ocupacional o del nucleo básico del conocimiento. Experiencia igual o superio a 2 años. | C7: =+'[47]Paso 1'!E23 -> 1 | D7: =+'[47]Paso 1'!F23 -> 1 | F7: =+'[47]Paso 1'!H23 -> 1.45 | G7: =+'[47]Paso 1'!I23 -> 4
B8: =+IF('[47]Paso 1'!B24="","",'[47]Paso 1'!B24&" "&'[47]Paso 1'!C24) -> Profesional social. Sociologo, antropologo, sicologo o trabajdor social, o en el nucleo basico de conocimento Experiencia igual o mayor 4 años. | C8: =+'[47]Paso 1'!E24 -> 1 | D8: =+'[47]Paso 1'!F24 -> 0.15 | F8: =+'[47]Paso 1'!H24 -> 1.45 | G8: =+'[47]Paso 1'!I24 -> 4
B9: =+IF('[47]Paso 1'!B25="","",'[47]Paso 1'!B25&" "&'[47]Paso 1'!C25) -> Profesional ambiental. Ingeniero ambiental o ingeniero ambiental y sanitario. Experiencia igual o mayor 4 años. | C9: =+'[47]Paso 1'!E25 -> 1 | D9: =+'[47]Paso 1'!F25 -> 0.15 | F9: =+'[47]Paso 1'!H25 -> 1.45 | G9: =+'[47]Paso 1'!I25 -> 4
B10: =+IF('[47]Paso 1'!B26="","",'[47]Paso 1'!B26&" "&'[47]Paso 1'!C26) -> Profesional. Ingeniero Civil, Arquitecto, Arquitecto Constructor con certificación BIM. Experiencia igual o mayor a 1 año luego de la certificaíon BIM. | C10: =+'[47]Paso 1'!E26 -> 1 | D10: =+'[47]Paso 1'!F26 -> 0.1 | F10: =+'[47]Paso 1'!H26 -> 1.45 | G10: =+'[47]Paso 1'!I26 -> 4
B11: =+IF('[47]Paso 1'!B27="","",'[47]Paso 1'!B27&" "&'[47]Paso 1'!C27) -> Profesional Ingeniero electricista. Ingeniero electricista, ingeniero eléctrico o ingeniero electromecánico. Experiencia igual o mayor 4 años. | C11: =+'[47]Paso 1'!E27 -> 1 | D11: =+'[47]Paso 1'!F27 -> 0.4 | F11: =+'[47]Paso 1'!H27 -> 1.45 | G11: =+'[47]Paso 1'!I27 -> 4
B12: =+'[47]Paso 1'!B48:J48 -> Otros gastos de Administración
B13: =+IF('[47]Paso 1'!B50="","",'[47]Paso 1'!B50&" "&'[47]Paso 1'!C50) -> Auxilio de transporte. 0 | C13: =+'[47]Paso 1'!E50 -> 1 | D13: =+'[47]Paso 1'!D50 -> mes | G13: =+'[47]Paso 1'!I50 -> 4
B14: =+IF('[47]Paso 1'!B51="","",'[47]Paso 1'!B51&" "&'[47]Paso 1'!C51) -> Auxilio para gastos de papeleria, fotocopias y otros 0 | C14: =+'[47]Paso 1'!E51 -> 1 | D14: =+'[47]Paso 1'!D51 -> mes | G14: =+'[47]Paso 1'!I51 -> 4
B15: =+IF('[47]Paso 1'!B52="","",'[47]Paso 1'!B52&" "&'[47]Paso 1'!C52) -> Auxilio por celulares - equipo y consumo- 0 | C15: =+'[47]Paso 1'!E52 -> 6 | D15: =+'[47]Paso 1'!D52 -> mes | G15: =+'[47]Paso 1'!I52 -> 4
B16: =+IF('[47]Paso 1'!B53="","",'[47]Paso 1'!B53&" "&'[47]Paso 1'!C53) -> Computadores licenciados, incluye impresora y conexión a internet 0 | C16: =+'[47]Paso 1'!E53 -> 4 | D16: =+'[47]Paso 1'!D53 -> mes | G16: =+'[47]Paso 1'!I53 -> 4
B17: =+IF('[47]Paso 1'!B54="","",'[47]Paso 1'!B54&" "&'[47]Paso 1'!C54) -> Muebles y dotación de oficina del proyecto. 0 | C17: =+'[47]Paso 1'!E54 -> 6 | D17: =+'[47]Paso 1'!D54 -> mes | G17: =+'[47]Paso 1'!I54 -> 4
B18: Impuestos
B19: Gravamen a los movimientos Financieros -GMF- Art. 115 ET Deducible 50% | C19: 0.002
B20: Estampilla Procultura - Capítulo XVIII Acuerdo 066/2017 | C20: 0.005
B21: Estampilla Adulto Mayor - Capítulo XIX Acuerdo 066/2017 | C21: 0.02
B22: Estampilla U de A - Capítulo XX Acuerdo 066/2017 | C22: 0.01
B23: =+'[47]Paso 1'!B82 -> Pro Deporte y Recreación | C23: =+'[47]Paso 1'!I82 -> 0.013
B24: Contribución Especial Artículo 11 del Decreto 399 de 2011 y el inciso 2 del artículo 6 de la Ley 1106 de 2006. | C24: 0.05
B25: Subtotal costos Administración
B26: Costo directo de obra
B27: Porcentaje Administración
B28: Imprevistos
B29: Utilidad
B30: SUBTOTAL A.I.U
B31: Otros costos indirectos
B32: Legalización Contrato
B33: =+'[47]Paso 1'!B91 -> Pólizas - Gasto estimado comprobable - | H33: =+'[47]Paso 1'!J109 -> 868844
B34: Impacto Comunitario
B35: =+'[47]Paso 1'!B92 -> Inversión Ambiental - Social - Implementación PMT - Valor estimado demostrable - | H35: =+'[47]Paso 1'!C14 -> 41794961
B36: TOTAL COSTO DE OBRA | H36: =H26+H30+H33+H35 -> 42663805
B38: NOTAS:
B39: Nota 1: El valor definido por la Entidad por concepto de pólizas es un valor estimado que será un gasto reembolsable comprobable, la entidad reconocerá al contratista el valor real efectivamente causado por este concepto (Gasto Reembolsable), para el efecto, el contratista deberá presentar los documentos que soporten el valor facturado por las garantías.
B40: Nota 2: El valor total presupuestado por la entidad por concepto de "Inversión Ambiental - Social - Implementación PMT " reflejada en sus respectivos anexos, es un valor estimado que sera un gasto reembolsable demostrable. Lo anterior, con la finalidad de ser ejecutados en la proporción requerida y durante los tiempos en que se presenten las necesidades que cada uno de ellos busca satisfacer. Dichas actividades serán reconocidas a cargo de reembolso de gastos.
B41: Nota 3: Los otros gastos de administración se pagarán de la siguiente forma: - Demostrables: Son aquellos gastos definidos por la Entidad para productos y/o servicios requeridos para la ejecución del contrato, que son suministrados directamente por el contratista. Para su reconocimiento y pago bastará con el concepto del interventor o supervisor sobre la ocurrencia de estos, con evidencias documentales tales como: fotografías, videos e informes. Su pago se realizará de acuerdo con los valores ofertados en la propuesta económica. - Comprobable: Son aquellos gastos definidos por la Entidad para productos y/o servicios requeridos para la ejecución del contrato, que son adquiridos por el contratista a través de terceros. Para su reconocimiento y pago, se requiere presentar factura o documento equivalente comprobando la ocurrencia del gasto. Su valor se reembolsará de acuerdo con factura o documento presentado, sin superar lo ofertado en la propuesta económica. En todo caso los otros gastos de administración deberán estar ajustados a los precios de mercado.
B42: Nota 4: Los valores de los items de otros gastos de administración cuya unidad es ESTIMADO son fijos y corresponden a montos con los cuales se atenderán las actividades correspondientes, los cuales se pagarán según el concepto de la nota 3.
B43: Nota 5: Las asesorías técnicas especializadas contempla los honorarios correspondientes a profesionales especialistas, la idoneidad y honorarios de los profesionales asesores será revisada y aprobada por la supervisión del contrato.
B44: Nota 6: Durante la ejecución del contrato la Entidad tendrá potestad de realizar deducciones y efectuar las respectivas multas y sanciones a las que haya lugar en las siguientes ocasiones: • Si se evidencia personal pensionado y dentro del factor prestacional se reconoce dicha prestación • Si se comprueba que el contratista está exonerado del pago de los aportes a SALUD (a cargo del empleador 8,5%), SENA (2%), ICBF (3%), y se está haciendo reconocimiento por estos dentro del factor prestacional. • Por ausencia de personal. • Cuando el contratista afilie al personal a un riesgo diferente al establecido en la propuesta económica. • Cuando el contratista afilie al personal a una empresa distinta a la que se le adjudica el contrato. • Cuando se evidencie un salario básico y un IBC inferior a lo estipulado en la propuesta económica (el salario debe ser igual al IBC, para esta situación el contratista debe pagar como mínimo el valor ofertado en su propuesta económica a cada uno de los profesionales). • Cuando se evidencie inconsistencias en la liquidación del personal al finalizar la obra (paz y salvo del contratista con la Entidad firmado por el trabajador donde se cancelan las cesantías, intereses a las cesantías, prima, vacaciones, dotación y auxilio de transporte cuando apliquen). • Cuando se contemplen primas extralegales diferentes a las establecidas legalmente en la legislación Nacional. • Cuando el contratista asigne personal que no cumpla con los requisitos de formación y experiencia establecidos en el pliego. • Cuando el personal del contratista participe en más de un cargo de los estipulados en el presupuesto oficial o exceda el 100% de dedicación. • Cuando el contratista reciba pago por horas extras y no sean canceladas al profesional. • Cuando el contratista reciba pago por reajuste de salarios y no sean canceladas al profesional. • Las demás circunstancias en las que evidencien pagos indebidos.
B48: Elaboró: | C48: Revisó:

Sheet Formulario 7
C5: =+'[48]Formulario 1'!C5 -> Secretaria Suministros y Servicios
C6: =+'[48]Formulario 1'!C6 -> Modalidad: licitación Pública
C7: =+'[48]Formulario 1'!C7 -> Adecuación y mantenimiento de obras civiles, eléctricas, de voz y datos y redes hidrosanitarias de los centros del valle del software.
C8: Formulario No. 7
C9: CALCULO INVERSIÓN SOCIOAMBIENTAL
C11: INVERSIÓN GESTIÓN SOCIAL, AMBIENTAL, SEGURIDAD Y SALUD EN EL TRABAJO
C12: ITEM | D12: UNIDAD | E12: CANTIDAD | F12: VALOR UNITARIO | G12: VALOR TOTAL
C14: Reuniones con comunidad de inicio, avance y fin de obra. Incluye logística | D14: un | E14: 2
C15: Reuniones con el comité ciudadano de obra (se reúnen mínimo 1 vez al mes, dependiendo de la magnitud del proyecto). | D15: un | E15: 2
C16: Comunicación y Divulgación
C17: Afiche según manual de imagen (7 referencias -1 referencia por mes, 20 unidades por referencia) | D17: un | E17: 70
C18: Volantes según manual de imagen para reuniones con comunidad (3 referencias de 1000 un c/u) (material ecológico) | D18: un | E18: 1500
C19: Instalación y desinstalación valla metálica medidas 6 x 3 en los diferentes sitios de Medellín y sus corregimientos, suministro mensual de fototelón medidas 6x 3, impreso a 720 dpi, Incluye estructura de soporte, pago de los impuestos, iluminación, seguridad que garantice el buen estado y permanencia en buenas condiciones de la valla, fototelón (lona) medidas 6 x 3 impreso a 720 dpi (según diseño EDU), mantenimiento de la estructura de la valla, transportes. | D19: mes | E19: 1
C20: Pendones para volquetas 0,7m*1m con información de la obra (cada volqueta debe portar un pendón a cada lado) | D20: un | E20: 10
C21: Buzón PQRS en acrílico según diseño suministrado por la entidad (0,35m*0,45m) | D21: un | E21: 1
C22: Cartelera informativa de 1,20m*0,80m acrílica | D22: un | E22: 1
C23: Papelería y formatos (Conformación AZ que contiene la información de la gestión social del contrato, atención PQRS, actas) (VALOR MES) (material ECO) | D23: Global | E23: 2
C24: Plan de Manejo de Tránsito - PMT
C25: Volantes para según manual de imagen para obra y PMT (MATERIAL ECO) | D25: un | E25: 1000
C26: Pasacalles según manual de imagen (lona, 7x0,8 m, impresión injekt), incluye instalación | D26: un | E26: 1
C27: Sostenibilidad
C28: Capacitaciones comité ciudadano de obra (incluye logística y refrigerio) | D28: un | E28: 1
C29: Reuniones de capacitación y formación ambiental (se reúnen mínimo 1 vez al mes, dependiendo de la magnitud del proyecto). | D29: un | E29: 1
C30: GESTIÓN AMBIENTAL
C31: Capacitaciones Ambientales de obra (incluye logística y refrigerio)
C32: Reuniones de capacitación y formación ambiental (se reúnen mínimo 1 vez al mes, dependiendo de la magnitud del proyecto). | D32: un | E32: 1
C33: Manejo de Residuos Sólidos
C34: Canecas de 35 lt ó 9 galones en estructura metalica, con tablero con tapa y debidamente rotuladas, un juego de Canecas equivale a 3 canecas (Tener encuenta juego de tres recipientes para residuos orgànicos aprovechables, Residuos aprovehables, Residuos no aprovechables). Estas canecas estaran dispuestas en oficinas | D34: Juego de canecas | E34: 3
C35: Bolsas plásticas para los frentes de obra color Negro (Residuos No aprovechables) | D35: un | E35: 20
C36: Bolsas plásticas para los frentes de obra color verde (Residuos orgánicos aprovechables) | D36: un | E36: 20
C37: Bolsas plásticas para los frentes de obra color Blanco (residuos Aprovechables ò reciclables plàstico, vidrio, cartòn,papel, metales) | D37: un | E37: 10
C38: Bolsas plásticas para los frentes de obra color rojo (residuos especiales) | D38: un | E38: 5
C39: Construcción de caseta Movil para el acopio de residuos sólidos comunes. (Teleras 1,35 x 0,90, Teja de Zinc, Largueros madera comun, Clavos común de 2", Amarre para teja) Para obras de urbanismo en vías, andenes. | D39: un | E39: 1
C40: Recolección de residuos sólidos especiales por parte de una empresa autorizada. Recolección, trasporte y disposición final, cantidad minima de 50 kg valor por Kg= $ 2,800 una recolección cada 2 meses. | D40: un | E40: 1
C41: Herramientas y equipos para el aseo y limpieza en obra (Se pagara Trimestral según tipologia de la obra) Incluye Cepillo para calle, Escoba, pala, Cabo para Pala, Coche.. | D41: Trimestral | E41: 1
C42: Transporte y disposición de madera no reutilizable, (Cantidad minima de 10 m3 incluye cargue del vehículo) | D42: m3 | E42: 16
C43: Costales de fibra para recolección y acopio temporal de residuos de construcción | D43: un | E43: 500
C44: Bascula Balanza Digital Plataforma Industrial 300 Kg | D44: un | E44: 1
C45: Señalización en sitios internos de disposición temporal de residuos (La señalización debe estar laminada o plastificada, letra visible tamaño 0.25*0.4m) | D45: Global | E45: 1
C46: Maquinaria, vehículos y equipo en obra
C47: Extintor Multipropósito (ABC) de 20 libras | D47: un | E47: 1
C48: Ahorro y uso eficiente de agua y energía
C49: Hidrolavadora (*) Alquiler incluye trasporte (Solamente actividad de limpieza de Vías y Acceso). Depreciación de activo fijo por el tiempo de duración del proyecto. | D49: Hora | E49: 1
C50: Manejo de sustancias químicas
C51: Kit de emergencia para derrames químicos. Incluye bolsa con arena, caneca de 5 galones, bolsas plásticas, pala pequeña, guantes y mascarilla para concentración de partículas) | D51: un | E51: 1
C52: Bandeja o estiba Plástica Antiderrames para canecas de 55 Galones de 2 posiciones | D52: un | E52: 1
C53: Adecuación del sitio para almacenamiento de sustancias químicas. Construcción de caseta para el acopio de combustibles (tamaño acorde al volumen máximo que se manejará). Incluye, extintor multipropósito ABC de 20 libras, tejas de zinc, largueros metálicos, cerramiento en malla metálica, vaciado de mortero para el piso y dique de contención en concreto (ningún material constructivo debe ser inflamable).Todos los productos químicos y materiales peligrosos, deberan estár rotuladas con el SGA, que permite su identificación y fácil entendimiento para los trabajadores, cumpliendo con el decreto No 1496 del 6 Agosto de 2018 | D53: Global | E53: 1
C54: Uso y almacenamiento adecuado de materiales de construcción
C55: Plástico Negro, calibre 4 y ancho de 2 m. | D55: m2 | E55: 50
C56: Balizas (1,4m) | D56: un | E56: 10
C57: Señalización de zonas de acopio (La señalización debe estar laminada o plastificada, letra visible tamaño 0.25*0.4m) | D57: Global | E57: 1
C58: Control de emisiones atmosféricas
C59: Manguera 1/2" para riego | D59: m | E59: 20
C60: Plástico Negro, calibre 4 y ancho de 2 m. | D60: m2 | E60: 30
C61: Protección del suelo
C62: Lonas para el almacenamiento transitorio de materiales producto de excavaciones y demoliciones, control de derrames de maquinaria | D62: Global | E62: 1
C63: Prevención de contaminación de cuerpos de agua de redes de servicios públicos
C64: Alquiler de baño portátil con 2 limpieza por semana (atiende a 15 personas). | D64: mes/ total | E64: 2
C65: Gestión de la fauna y la flora
C66: Malla tipo polisombra color naranja para la delimitación de zonas verdes, zonas de tala y protección de árboles o arbustos.(Rollo por 100 m x 1,50 m ancho) | D66: m | E66: 20
C67: Teleras 1,35m x 0,90 m Proteccion de árboles | D67: un | E67: 10
C68: Largueros de madera para la protección de árboles | D68: un | E68: 10
C69: SEGURIDAD Y SALUD EN EL TRABAJO
C70: SUBPROGRAMA MEDICINA PREVENTIVA Y DEL TRABAJO
C71: Chalecos para director, ingenieros, residentes, auxiliares. Estampados según manual de identidad | D71: un | E71: 6
C72: Bordado de logos en uniformes según manual de imagen de la Alcaldía de Medellín | D72: un | E72: 20
C73: Chalecos reflectivos sencillo (Uso subcontratistas o trabajos corta duración máximo 3 meses) | D73: un | E73: 2
C74: Chalecos para bandereros | D74: un | E74: 1
C75: Camilla de Primeros Auxilios (*) | D75: un | E75: 1
C76: Botiquín primeros auxilios (incluye 2 dotaciones) | D76: un | E76: 1
C77: Silbato brigadistas | D77: un | E77: 1
C78: Riñonera dotada para brigadistas y adhesivo identificación brigadista en casco | D78: un | E78: 1
C79: SUBPROGRAMA HIGIENE Y SEGURIDAD INDUSTRIAL
C80: Señalización para campamento en acrílico (0,25m*0,40m). Avisos de Poliestireno (señales de Prohibición, acciones de mando, de prevención, condiciones de seguridad, señales de incendio). Rotulación de productos químicos y las respectivas hojas de seguridad | D80: Global | E80: 1
C81: PROTOCOLO DE BIOSEGURIDAD EN OBRA SARS - COVID 19
C82: LAVADO E HIGIENE DE MANOS
C83: Adecuación lavamanos | D83: un | E83: 1
C84: Toallas de manos desechables | D84: paq | E84: 6
C85: Jabón liquido de manos | D85: un | E85: 6
C86: Alcohol glicerinado Min 60% - Max 95% | D86: un | E86: 6
C87: USO DE TAPABOCAS
C88: Tapabocas quirúrgico (Personal Vulnerable, con síntomas, no vacunados) | D88: paq | E88: 4
C89: Tapabocas lavable (Municipios que no cumplan con porcentaje de vacunación) | D89: un | E89: 40
C90: VIGILANCIA DE LA SALUD DE LOS TRABAJADORES
C91: Tabla de apoyo plástica | D91: un | E91: 1
C92: Formularios Estado Salud | D92: un | E92: 90
C93: Lapiceros (para personal de toma de ingreso) | D93: un | E93: 4
C94: PRESUPUESTO PMT
C95: Señales informativa Obra. Dimensiones y características según lo establecido por el Manual de Señalización Vial 2015 (*). | D95: un | E95: 6
C96: Señales reglamentarias. Dimensiones y características según lo establecido por el Manual de Señalización Vial 2015 (*). | D96: un | E96: 4
C97: Señales preventivas Obra. Dimensiones y características según lo establecido por el Manual de Señalización Vial 2015 (*). | D97: un | E97: 15
C98: Paleta de pare y siga Dimensiones y características según lo establecido por el Manual de Señalización Vial 2015 | D98: un | E98: 2
C99: Balizas (1,4 m) | D99: un | E99: 40
C100: conos viales (90cm) | D100: un | E100: 12
C101: Barricadas con franjas reflectivas grado IV con 1,50m alto y 2,40m de ancho (alquiler) | D101: un | E101: 4
C102: Malla plástica naranja (polietileno de alta densidad, rollo por 50 m, ancho 1,40 m) | D102: m | E102: 500
C103: Estructuración y Trámite de aprobación de PMT | D103: un | E103: 1
C104: Capacitación y entrenamiento para auxiliares de tránsito para obras en vías | D104: un | E104: 1
C105: Permiso de ocupación de vía Secretaría de Movilidad. | D105: un | E105: 1
C106: Asesoria Especialista en movilidad | D106: personas | E106: 1
...

Sheet Formulario 7.1
C5: =+'Formulario 1'!C5 -> Secretaria Suministros y Servicios
C6: =+'Formulario 1'!C6 -> Modalidad: licitación Pública
C7: =+'Formulario 1'!C7 -> Adecuación y mantenimiento de obras civiles, eléctricas, de voz y datos y redes hidrosanitarias de los centros del valle del software.
C8: Formulario No. 7.1
C9: CALCULO PROTOCOLO DE BIOSEGURIDAD MANEJO COVID
C11: Implementación de los protocolos de bioseguridad COVID - 19 | H11: Observaciones
C12: Item | D12: Unidad | E12: Cantidad | F12: Valor unitario | G12: Valor total
C13: Adecuación de espacios físicos
C14: Adecuación de lavamanos en obras abiertas (intervenciones en vías, andenes, ciclorrutas, entre otros). Incluye grifería, tubería para conexión al acueducto, caneca de 55 gal, pozuelo en acero inoxidable. Los lavamanos pueden ser portatiles o fijos según el tiempo de permanencia de cada frente de trabajo. | D14: un | E14: 2 | F14: 26405 | G14: 52810
C15: Señalización interna y externa. Cartelera informativa COVID-19. | D15: un | E15: 1 | F15: 13203 | G15: 13203
C16: Dispensador toallas desechables de papel. | D16: un | E16: 1 | F16: 10562 | G16: 10562
C17: Desinfección
C18: Alcohol antiséptico al 70 %. | D18: gal | E18: 5.3 | F18: 31686 | G18: 167936
C19: Jabón antibacterial liquido solo para lavado de manos. | D19: gal | E19: 3.2 | F19: 29574 | G19: 94637
C20: Gel antibacterial en puntos fijos para higiene de manos al 70%. | D20: gal | E20: 3 | F20: 50698 | G20: 152094
C21: Desinfectante con amonio cuaternario de quinta generación 500 ppm o similares para desinfección de superficies en general. | D21: l | E21: 15 | F21: 4225 | G21: 63375
C22: Toallas desechables. | D22: un | E22: 3000 | F22: 42 | G22: 126000
C23: Dotación Elementos de Protección Personal
C24: Mascarillas Desechables o en tela (para todo el personal en obra). | D24: un | E24: 1560 | F24: 317 | G24: 494520
C25: Totales
C26: Total por mes (20 trabajadores). | G26: 1175137
C27: Total por empleado. | G27: 58757
E30: PRESUPUESTO COVID PARA PROYECTO
D31: Frente | E31: # de trabajadores/mes | F31: Personal administrativo/mes | G31: # de meses | H31: BIOSEGURIDAD - COVID
E32: 14 | F32: 7 | G32: 4 | H32: =(E32+F32)*G32*G27 -> 4935588
C35: NOTA 1. El valor por implementación del protocolo de bioseguridad se pagará como un gasto reembolsable contra presentación de las respectivas facturas, toda vez que se trata de un gasto que no se incluye dentro del cálculo del AIU.
C36: NOTA 2. El proponente deberá diligenciar este formulario teniendo en cuenta que el CONTENIDO MINIMO del mismo será el correspondiente al formato oficial, so pena del rechazo de su propuesta; no obstante, el oferente, según su propio análisis, podrá aumentar las cantidades sin que obtenga pago adicional por ello. El hecho de que el contratista no estipule en su oferta el valor del Protocolo de Bioseguridad, no lo exime del cumplimiento de la legislación vigente que le sea aplicable y no podrá solicitar pago adicional alguno por este concepto, pues todo quedará cubierto con lo que cotizó en los costos indirectos.
C39: Firma representante legal del Oferente
C40: Nombre:
C41: Cargo:
C42: Documento de Identidad:

Sheet Formulario 8
C5: =+'Formulario 1'!C5 -> Secretaria Suministros y Servicios
C6: =+'Formulario 1'!C6 -> Modalidad: licitación Pública
C7: =+'Formulario 1'!C7 -> Adecuación y mantenimiento de obras civiles, eléctricas, de voz y datos y redes hidrosanitarias de los centros del valle del software.
C8: Formulario No. 8
C9: INFORMACIÓN FINANCIERA EXTRANJEROS
C11: INFORMACIÓN FINANCIERA CON LA ÚLTIMA FECHA DE CORTE DEL PAÍS CORRESPONDIENTE
C13: Oferente:
C15: Resumen de cuentas de Balance General y Estado de Resultados que sean necesarias para verificar los requisitos habilitantes de capacidad financiera y organizacional
D17: Oferente singular | E17: Consorcio o Unión Temporal
C18: Cuenta | D18: (Valores en pesos colombianos) | E18: Integrante N.1 (Valores en pesos colombianos) | F18: Integrante N.2 (Valores en pesos colombianos) | G18: Integrante N.3 (Valores en pesos colombianos)
C19: BALANCE GENERAL
C20: Efectivo
C21: Activo Corriente
C22: Activo Total
C23: Pasivo Corriente
C24: Pasivo Total
C25: Patrimonio
C26: ESTADO DE RESULTADOS
C27: Utilidad Operacional
C28: Gastos de Intereses
C29: Mayor ingreso operacional en los últimos cinco (5) años anteriores a la fecha de corte
C31: ________________________________
... C40: T.P

Sheet Formulario 9
C5: =+'Formulario 1'!C5 -> Secretaria Suministros y Servicios
C6: =+'Formulario 1'!C6 -> Modalidad: licitación Pública
C7: =+'Formulario 1'!C7 -> Adecuación y mantenimiento de obras civiles, eléctricas, de voz y datos y redes hidrosanitarias de los centros del valle del software.
C8: Formulario No. 9
C9: FACTOR PRESTACIONAL
C11: SALARIO BÁSICO
C12: Prima
C13: Cesantías
C14: Interés a las cesantías
C15: Vacaciones
C16: Salud (EPS) *
C17: Pensiones (AFP)
C18: Caja de Compensación
C19: Sena *
C20: ICBF *
... C32: Documento de Identidad:

Sheet Formulario 10
C5: =+'Formulario 1'!C5 -> Secretaria Suministros y Servicios
C6: =+'Formulario 1'!C6 -> Modalidad: licitación Pública
C7: =+'Formulario 1'!C7 -> Adecuación y mantenimiento de obras civiles, eléctricas, de voz y datos y redes hidrosanitarias de los centros del valle del software.
C8: FORMULARIO No.10
C9: CONSTANCIA DE COMPROMISO PERSONAL
C11: Nombre :
C12: Cédula:
C13: Cargo:
C14: Título Universitario:
C15: No.Tarjeta Profesional
C16: Fecha Expedición Tarjeta Profesional
C17: Postgrados
C18: Teléfono:
C19: Email:
C20: EXPERIENCIA. 1. Relacionar los contratos o proyectos con los que acredita el cumplimiento de los requisitos establecidos en el pliego para la evaluación de la experiencia. 2. Se deben relacionar máximo, el número de contratos establecidos en el pliego para la asignación de puntaje del profesional, no se tendrán en cuenta los contratos que excedan el número máximo de contratos permitidos y, la evaluación se realizara teniendo en cuenta el estricto orden en el que son relacionados en el presente Formulario.
C21: No. | D21: ENTIDAD CONTRATANTE | E21: ENTIDAD CONTRATISTA | F21: CONTRATO O PROYECTO
C27: Con la suscripción del presente documento, me comprometo a prestar mis servicios en el cargo arriba indicado, al proponente:_________________________ ,dentro del proceso de contratación N°_______ de ___________ cuyo objeto es ___________________________________
C28: Así mismo autorizo al proponente a presentar y utilizar mi hoja de vida en este proceso.
C31: FIRMA
C32: CEDULA
C34: *Si para diligenciar este documento requiere varias hojas por favor firmar todas.
